 Dungeon Crawl Stone Soup version 0.20-a0-1000-g0e8f6bb (webtiles) character file.

3277 Conn321 the Destroyer (level 10, -8/58 HPs)
             Began as a Gargoyle Fire Elementalist on Apr 12, 2017.
             Was a Priest of Vehumet.
             Mangled by a two-headed ogre
             ... wielding a +0 giant club
              (25 damage)
             ... on level 7 of the Dungeon.
             The game lasted 00:25:50 (8983 turns).

Conn321 the Destroyer (Gargoyle Fire Elementalist)  Turns: 8983, Time: 00:25:50

Health: -8/58      AC: 10    Str: 13    XL:     10   Next: 0%
Magic:  0/21       EV: 13    Int: 18    God:    Vehumet [***...]
Gold:   170        SH:  5    Dex: 10    Spells: 3/24 levels left

rFire    . . .     SeeInvis .   E - +3 dagger (flame)
rCold    . . .     Gourm    .   (no shield)
rNeg     + . .     Faith    .   a - +1 robe
rPois    ∞         Spirit   .   (no helmet)
rElec    +         Reflect  +   (no cloak)
rCorr    +         Harm     .   (no gloves)
MR       .....                  (no boots)
Stlth    ++........             n - +5 amulet of reflection
Regen    0.0/turn               B - ring of resist corrosion
MPRegen  0.2/turn               (no ring)

@: no status effects
A: negative energy resistance 1, robust 1, electricity resistance, inhibited
regeneration, unbreathing, petrification resistance, rot immunity, AC +7
a: Renounce Religion


You were on level 7 of the Dungeon.
You worshipped Vehumet.
Vehumet was most pleased with you.
You were hungry.

You visited 1 branch of the dungeon, and saw 8 of its levels.

You collected 390 gold pieces.
You spent 220 gold pieces at shops.

Inventory:

Hand Weapons
 g - a +1 flail of protection
 E - a +3 dagger of flaming (weapon)
Missiles
 H - 2 throwing nets (quivered)
Armour
 a - a +1 robe (worn)
Jewellery
 n - a +5 amulet of reflection (around neck)
 q - an uncursed amulet of faith
 B - a ring of resist corrosion (left hand)
Wands
 D - a wand of flame (3/48)
 F - a wand of acid (0/15)
Scrolls
 e - 3 scrolls of identify
 j - 2 scrolls of immolation
 l - 3 scrolls of remove curse
 r - a scroll of fear {unknown}
 t - a scroll of magic mapping
 u - 3 scrolls of amnesia
 y - 2 scrolls of teleportation
Potions
 f - a potion of haste
 k - a potion of mutation
 p - a potion of degeneration {unknown}
Books
 b - a book of Flames

   Spells                             Type                      Level
   a - Flame Tongue                   Conjuration/Fire             1
   b - Throw Flame                    Conjuration/Fire             2
   c - Conjure Flame                  Conjuration/Fire             3
   d - Inner Flame                    Hexes/Fire                   3
   e - Sticky Flame                   Conjuration/Fire             4
   f - Fireball                       Conjuration/Fire             5
 I - a book of Minor Magic

   Spells                             Type                      Level
   a - Magic Dart                     Conjuration                  1
   b - Blink                          Translocation                2
   c - Call Imp                       Summoning                    2
   d - Slow                           Hexes                        2
   e - Conjure Flame                  Conjuration/Fire             3
   f - Mephitic Cloud                 Conjuration/Poison/Air       3
Comestibles
 c - 4 bread rations
 d - 2 chunks of flesh
 h - 6 meat rations
 o - 2 royal jellies
 z - 3 fruits


   Skills:
 + Level 1.9 Fighting
 + Level 1.9 Short Blades
 + Level 0.5 Throwing
 + Level 3.4 Dodging
 + Level 3.5 Stealth
 * Level 7.7 Spellcasting
 * Level 8.2 Conjurations
 * Level 2.2 Translocations
 + Level 5.5 Fire Magic
 + Level 2.3 Earth Magic
 + Level 0.5 Evocations


You had 3 spell levels left.
You knew the following spells:

 Your Spells              Type           Power        Failure   Level  Hunger
a - Flame Tongue          Conj/Fire      ####.        1%          1    None
b - Conjure Flame         Conj/Fire      ####....     1%          3    #......
c - Sticky Flame          Conj/Fire      ####....     2%          4    ###....
d - Stone Arrow           Conj/Erth      ####..       1%          3    #......
e - Fireball              Conj/Fire      ####......   5%          5    #####..
f - Blink                 Tloc           N/A          8%          2    None
g - Mephitic Cloud        Conj/Pois/Air  ###.....     3%          3    #......


Dungeon Overview and Level Annotations

Branches:
Dungeon (8/15)             Temple (0/1) D:7
   Lair: D:8-11

Altars:
Fedhas
Ru
Uskayaw
Vehumet
Zin

Shops:
D:4 :   D:7 *

Annotations:
D:8 Gastronok


Innate Abilities, Weirdness & Mutations

You are resistant to torment.
Your stone body is resilient. (AC +7)
You are immune to poison.
You resist negative energy. (rN+)
You are resistant to electric shocks. (rElec)
You can survive without breathing.
You are immune to petrification.
You are immune to rotting.
You are robust. (+10% HP)
You do not regenerate when monsters are visible.


Message History

The sticky flame hits the two-headed ogre.
The two-headed ogre is heavily wounded.
The two-headed ogre is covered in liquid flames!
The two-headed ogre burns!
The two-headed ogre closely misses you. The two-headed ogre barely misses you.
The two-headed ogre burns!
The two-headed ogre burns!
The two-headed ogre burns!
The two-headed ogre burns!
The two-headed ogre stops burning.
Casting: Sticky Flame
Confirm with . or Enter, or press ? or * to list all spells.
Aiming: Sticky Flame
Press: ? - help, Shift-Dir - straight line, f/p - two-headed ogre
Aim: a two-headed ogre, wielding two giant clubs (severely wounded)
The sticky flame hits the two-headed ogre.
The two-headed ogre is almost dead.
The two-headed ogre is covered in liquid flames!
The two-headed ogre burns!
The two-headed ogre hits you with a giant club!!
You die...

###....#..........)..............
#...............................
##.##................#.......[...
#..##............###....#........
..###............# ####...#......
...............[.######.#...>....
.#...............................
.#......................###......
................@O....#####......
#.....................###........
#.....................##.........
##..................>.##.#.####.)
#....................##.#.# #..
#..........##.(.<.....#.#.# ###
#.........................## ###
##......########.##.........###..
.......## #.............##..


You could see a two-headed ogre (burning).

Vanquished Creatures
  Pikel (D:7)
  The ghost of Deemzul the Chopper, a novice DsFi of Okawaru (D:7)
  Menkaure (D:5)
  A black bear (D:8)
  4 phantoms
  A sky beast (D:6)
  2 ogres (D:6)
  3 bullfrogs
  A wyvern skeleton (D:7)
  11 killer bees (D:7)
  A scorpion (D:7)
  A howler monkey (D:7)
  A crimson imp (D:6)
  2 jellies
  4 hounds
  An orc priest (D:4)
  3 orc wizards
  A bullfrog skeleton (D:6)
  Ijyb (D:5)
  4 worker ants
  A hound zombie (D:5)
  7 gnolls
  A howler monkey zombie (D:5)
  A howler monkey skeleton (D:4)
  8 adders
  3 shadow imps
  An ooze (D:4)
  A worm (D:2)
  4 dart slugs
  6 leopard geckos
  7 orcs
  9 giant cockroaches
  10 hobgoblins
  13 jackals
  13 kobolds
  4 quokkas
  4 ball pythons
  6 bats
  6 frilled lizards
  5 goblins
  A jackal skeleton (D:4)
  A leopard gecko skeleton (D:4)
  2 quokka skeletons (D:4)
  17 rats
176 creatures vanquished.

Vanquished Creatures (others)
  4 slaves (D:7)
  A killer bee (D:7)
  An orc (D:7)
6 creatures vanquished.

Grand Total: 182 creatures vanquished

Notes
Turn   | Place    | Note
-------+----------+-------------------------------------------
     0 | D:1      | Conn321 the Gargoyle Fire Elementalist began the quest for the Orb.
     0 | D:1      | Reached XP level 1. HP: 10/10 MP: 3/3
   434 | D:1      | Reached XP level 2. HP: 15/15 MP: 3/5
   861 | D:1      | Reached XP level 3. HP: 19/19 MP: 2/6
  1584 | D:2      | Reached XP level 4. HP: 24/24 MP: 3/7
  1599 | D:2      | Found a radiant altar of Vehumet.
  1635 | D:2      | Became a worshipper of Vehumet
  1830 | D:2      | Reached skill level 2 in Conjurations
  2363 | D:3      | Reached * piety under Vehumet
  2363 | D:3      | Offered knowledge of Magic Dart by Vehumet.
  2371 | D:3      | Learned a level 3 spell: Conjure Flame
  2376 | D:3      | Learned a level 4 spell: Sticky Flame
  2533 | D:3      | Reached XP level 5. HP: 28/28 MP: 7/9
  2590 | D:4      | Noticed a dagger
  2591 | D:4      | Noticed a dagger
  2668 | D:4      | Found Paustrac's Book Boutique.
  2692 | D:4      | Noticed a phantom
  2702 | D:4      | Killed a phantom
  2702 | D:4      | Reached skill level 1 in Short Blades
  2768 | D:4      | Found a hide-covered altar of Uskayaw.
  2789 | D:4      | Reached skill level 3 in Conjurations
  2789 | D:4      | Reached XP level 6. HP: 19/33 MP: 3/11
  3195 | D:4      | Found a blossoming altar of Fedhas.
  3195 | D:4      | Found a sacrificial altar of Ru.
  4256 | D:5      | Entered Level 5 of the Dungeon
  4307 | D:5      | Reached skill level 4 in Conjurations
  4335 | D:5      | Reached XP level 7. HP: 27/37 MP: 5/13
  4345 | D:5      | Reached ** piety under Vehumet
  4345 | D:5      | Offered knowledge of Shock by Vehumet.
  4554 | D:5      | Noticed Ijyb
  4567 | D:5      | Killed Ijyb
  5592 | D:5      | Noticed Menkaure
  5599 | D:5      | Killed Menkaure
  5599 | D:5      | Reached skill level 1 in Fighting
  5599 | D:5      | Reached skill level 5 in Conjurations
  5759 | D:6      | Reached XP level 8. HP: 33/43 MP: 4/15
  6025 | D:6      | Reached skill level 5 in Spellcasting
  6226 | D:6      | Offered knowledge of Stone Arrow by Vehumet.
  6264 | D:7      | Reached skill level 6 in Conjurations
  6285 | D:5      | Learned a level 3 spell: Stone Arrow
  6291 | D:5      | Learned a level 5 spell: Fireball
  6543 | D:6      | Reached skill level 1 in Earth Magic
  6693 | D:6      | Reached *** piety under Vehumet
  6893 | D:4      | Bought a book of Minor Magic for 220 gold pieces
  6897 | D:4      | Learned a level 2 spell: Blink
  6997 | D:7      | Reached XP level 9. HP: 47/47 MP: 8/18
  7015 | D:7      | Reached skill level 7 in Conjurations
  7204 | D:7      | Reached skill level 5 in Fire Magic
  7210 | D:7      | Noticed Pikel
  7219 | D:7      | Killed Pikel
  7219 | D:7      | Reached skill level 1 in Translocations
  7226 | D:7      | Offered knowledge of Airstrike by Vehumet.
  7234 | D:7      | Learned a level 3 spell: Mephitic Cloud
  7408 | D:7      | Gained mutation: Your large and strong wings let you fly indefinitely. [potion of mutation]
  7408 | D:7      | Lost mutation: Your large and strong wings let you fly indefinitely. [potion of mutation]
  7408 | D:7      | Gained mutation: You do not regenerate when monsters are visible. [potion of mutation]
  7408 | D:7      | Gained mutation: You are robust. (+10% HP) [potion of mutation]
  7414 | D:7      | Noticed Deemzul's ghost (novice DsFi)
  7600 | D:7      | Found a glowing silver altar of Zin.
  7601 | D:7      | Found Zin's Purification Station.
  8358 | D:7      | Killed Deemzul's ghost
  8358 | D:7      | Reached skill level 8 in Conjurations
  8775 | D:7      | Found a staircase to the Ecumenical Temple.
  8815 | D:8      | Reached XP level 10. HP: 58/58 MP: 17/21
  8869 | D:8      | Noticed Gastronok
  8896 | D:8      | Noticed a two-headed ogre
  8983 | D:7      | Mangled by a two-headed ogre

Vault maps used:
D:1:      roderic_dead_forest
D:2:      vehumet_crystals
D:4:      gammafunk_temple_overflow_wave, dancing_weapons_uskayaw, serial_shops,
          nicolae_shop_behind_doors
D:5:      cheibrodos_helix_gallery, first_bread, uniq_iyjb, uniq_menkaure
D:7:      zin_purify, temple_hall, uniq_pikel
D:8:      nicolae_tso_swordbearing_angel, dpeg_lair_monsters, uniq_gastronok,
          uniq_psyche, uniq_erica

Skill      XL: |  1  2  3  4  5  6  7  8  9 |
---------------+----------------------------+-----
Conjurations   | 2 3 4 5 6 8 |  8.2
Short Blades   | 1 |  1.9
Spellcasting   | 3 4 6 7 |  7.7
Fire Magic     | 4 5 |  5.5
Dodging        | 2 3 |  3.4
Stealth        | 3 |  3.5
Fighting       | 1 |  1.9
Earth Magic    | 1 2 |  2.3
Translocations | 2 |  2.2
Throwing       | |  0.5
Evocations     | |  0.5

Action                   |  1- 3 |  4- 6 |  7- 9 | 10-12 || total
-------------------------+-------+-------+-------+-------++-------
Melee: Unarmed           |    15 |       |       |       ||    15
       Dagger            |    20 |       |    22 |     5 ||    47
       Short sword       |     8 |    66 |    39 |       ||   113
Throw: Throwing net      |       |       |     2 |       ||     2
 Cast: Flame Tongue      |    62 |   134 |   232 |     3 ||   431
       Sticky Flame      |       |       |    16 |     3 ||    19
       Stone Arrow       |       |       |    17 |       ||    17
       Conjure Flame     |       |       |     5 |     1 ||     6
       Blink             |       |       |     3 |     1 ||     4
       Fireball          |       |       |     1 |     1 ||     2
       Mephitic Cloud    |       |       |       |     4 ||     4
Evoke: Wand              |       |       |     6 |       ||     6
  Use: Scroll            |       |       |    10 |     1 ||    11
       Potion            |       |       |    10 |     1 ||    11
 Stab: Sleeping          |     2 |     2 |     2 |       ||     6
       Confused          |       |       |       |     2 ||     2
  Eat: Chunk             |     3 |     8 |    16 |       ||    27
       Royal jelly       |       |       |     1 |       ||     1
Armor: Robe              |    20 |    47 |    63 |       ||   130
Dodge: Dodged            |    51 |    88 |   137 |     3 ||   279
Block: Other             |     8 |    33 |    40 |       ||    81
